Map: El Dorado

Players

iPlayDefense - Winner!

  • Race: Terran Terran
  • League: Silver
  • Spawn Location: 7:00

VOD

Have the link to the VOD?

Description

Time

  • Played on: April 16, 2025, 12:33 p.m.
  • Length: 15:30
Show
View Real Time Build Order
Export as new Build Order

iPlayDefense Terran - Winner!

Build Orders:  

Get SALT Encoding   

  12  0:00  SCV  
  13  0:27  Supply Depot  
  13  0:59  SCV  
  14  1:09  Barracks  
  14  1:16  SCV  
  15  1:33  SCV  
  15  1:37  Refinery  
  16  1:49  Supply Depot  
  16  1:50  SCV  
  17  2:07  SCV  
  18  2:35  Command Center  
  18  2:37  Barracks Reactor  
  18  3:06  Orbital Command  
  18  3:39  Barracks  
  18  3:40  Barracks  
  18  3:55  SCV  
  19  4:12  SCV  
  19  4:14  Marine x2  
  19  4:19  Orbital Command  
  22  4:29  Supply Depot, SCV  
  23  4:39  Marine x2  
  25  4:43  Factory  
  25  4:46  SCV  
  26  4:50  Refinery  
  26  4:55  Barracks Tech Lab x2  
  26  5:04  SCV  
  27  5:14  Supply Depot  
  27  5:20  SCV  
  28  5:34  Supply Depot  
  28  5:39  Marine x2  
  30  5:40  Marine x2  
  30  5:42  Stimpack  
  30  5:46  Factory Tech Lab  
  32  6:04  Marine x2  
  32  6:06  Starport  
  32  6:07  Unknown  
  34  7:11  Starport Tech Lab  
  34  7:36  Supply Depot  
  34  8:05  SCV x2  
  34  8:08  Supply Depot  
  36  8:10  Marine x2  
  36  8:11  Marine x2  
  36  8:18  Siege Tank  
  43  8:22  SCV x2  
  43  8:25  Medivac  
  45  8:35  Marauder  
  45  8:36  Marauder  
  47  8:40  Supply Depot  
  47  8:50  SCV x2  
  47  8:52  Marine x2  
  51  9:03  Siege Tank  
  51  9:05  Marine  
  51  9:06  Marine  
  51  9:07  SCV x2  
  58  9:30  Marauder  
  58  9:31  Marauder  
  58  9:32  Refinery  
  58  9:36  Refinery  
  62  9:48  Siege Tank  
  65  9:57  Engineering Bay  
  65  9:58  Supply Depot  
  65  10:11  SCV x2  
  65  10:15  Marine x4  
  71  10:28  SCV x2  
  73  10:30  Supply Depot  
  73  10:33  Siege Tank  
  76  10:40  Marauder x2  
  80  11:03  Supply Depot  
  80  11:15  SCV x2  
  80  11:17  Marine  
  80  11:18  Siege Tank, Marine x3  
  89  11:27  Medivac  
  91  11:32  SCV x2  
  93  11:43  Marauder x2  
  97  12:03  Siege Tank  
  100  12:48  Supply Depot, Siege Tank  
  95  14:22  Siege Tank x2  
Tags
 
League
Silver
Matchup
Co-op
Replay Pack
DaveSC2
Add a new tag
Caveats
  • Supply blocks, unpowered buildings, or Contaminate may cause inaccurate times.
  • Supply counts are checked every 10 seconds.